 Dungeon Crawl Stone Soup version 0.25.1-2-g60ff931df9 (webtiles) character file.

Game seed: 4047807168946959223

150 gruber the Ruffian (level 5, -2/40 HPs)
             Began as a Draconian Transmuter on Oct 4, 2020.
             Slain by Grinder (8 damage)
             ... on level 3 of the Dungeon.
             The game lasted 00:02:27 (3102 turns).

gruber the Ruffian (Draconian Transmuter)           Turns: 3102, Time: 00:02:27

Health: -2/40      AC:  2    Str: 13    XL:     5   Next: 10%
Magic:  6/8        EV: 19    Int: 14    God:
Gold:   120        SH:  0    Dex: 16    Spells: 2/8 levels left

rFire    . . .     SeeInvis .     - Unarmed
rCold    . . .     Gourm    .   (shield currently unavailable)
rNeg     . . .     Faith    .   (armour unavailable)
rPois    x         Spirit   .   (helmet currently unavailable)
rElec    .         Reflect  .   (cloak currently unavailable)
rCorr    .         Harm     .   (gloves currently unavailable)
MR       .....                  (boots currently unavailable)
Stlth    +.........             (no amulet)
HPRegen  0.13/turn              (no ring)
MPRegen  0.11/turn              (no ring)

@: spider-form (expiring)
A: tiny, unfitting armour, AC +5
a: End Transformation


You were on level 3 of the Dungeon.
You were not hungry.
You were a venomous arachnid creature.
You visited 1 branch of the dungeon, and saw 3 of its levels.

You collected 120 gold pieces.

Inventory:

Missiles
 a - 54 arrows
Armour
 h - a cursed +0 pair of boots (melded)
 t - a +2 hat (melded)
Jewellery
 p - a +4 ring of protection {unknown}
 x - an uncursed amulet of guardian spirit {unknown}
Scrolls
 b - 7 scrolls of identify {unknown}
 e - 2 scrolls of enchant armour {unknown}
 g - a scroll of immolation {unknown}
 i - a scroll of amnesia {unknown}
 k - a scroll of magic mapping {unknown}
 n - a scroll of fear {unknown}
 q - 2 scrolls of fog {unknown}
 r - a scroll of enchant weapon {unknown}
 u - a scroll of random uselessness {unknown}
 v - 2 scrolls of remove curse {unknown}
Potions
 d - a potion of curing
 f - a potion of berserk rage {unknown}
 j - a potion of magic {unknown}
 l - a potion of degeneration {unknown}
 m - a potion of cancellation {unknown}
 o - a potion of heal wounds {unknown}
 w - a potion of haste {unknown}
Comestibles
 c - 11 rations
 s - 2 chunks of flesh


   Skills:
 - Level 1.1 Fighting
 - Level 1.7 Dodging
 + Level 5.8 Unarmed Combat
 - Level 2.0 Spellcasting
 - Level 2.0 Transmutations
 + Level 0.1 Poison Magic


You had 2 spell levels left.
You knew the following spells:

 Your Spells              Type           Power        Failure   Level  Hunger
a - Beastly Appendage     Tmut           #.....       26%         1    ##.....
b - Sticks to Snakes      Tmut           #.......     34%         2    ###....
c - Spider Form           Tmut/Pois      #.........   65%         3    ####...

Your spell library contained the following spells:

 Spells                   Type           Power        Failure   Level  Hunger
 Ice Form                 Ice/Tmut       #.......     94%         4    #####..
 Blade Hands              Tmut           #.........   99%         5    ######.


Dungeon Overview and Level Annotations

Branches:
Dungeon (3/15)

Altars:
Hepliaklqana

Annotations:
D:3 Grinder


Innate Abilities, Weirdness & Mutations

((Your plain brown scales are hard. (AC +5)))
You cannot fit into any form of body armour.
((You are cold-blooded and may be slowed by cold attacks.))


Message History

Grinder hits you.
* * * LOW HITPOINT WARNING * * *
You writhe in agony.
* * * LOW HITPOINT WARNING * * *
You can move again.
Unknown command.
Unknown command.
Unknown command.
You bite Grinder!
Grinder is poisoned.
Grinder is severely wounded.
Grinder gestures at you.
You shrug off the repeated paralysis!
You hit Grinder.
Grinder is almost dead.
Grinder misses you.
Unknown command.
You hit Grinder but do no damage.
Grinder is almost dead.
Grinder hits you!
You die...

############ #...#..)...
#...#....# #...#....#
#........# #####
#..5..##.# #...##
#...s.##.###....#
##....#.........#
##########.........#
#.................)#
#..............#...#####
#............###........
#####........# #...#####
#####....# ##### ######


You could see Grinder (very poisoned).

Vanquished Creatures
  Terence (D:3)
  2 gnolls
  5 adders
  2 worms (D:2)
  A dart slug (D:1)
  A ball python (D:1)
  2 giant cockroaches
  5 goblins
  10 hobgoblins
  A jackal (D:2)
  A quokka (D:2)
  13 bats
  4 frilled lizards
  4 kobolds
  6 rats
58 creatures vanquished.

Notes
Turn   | Place    | Note
-------+----------+-------------------------------------------
     0 | D:1      | gruber the Draconian Transmuter began the quest for the
                  | Orb.
     0 | D:1      | Reached XP level 1. HP: 16/16 MP: 3/3
   292 | D:1      | Reached XP level 2. HP: 20/23 MP: 5/5
   925 | D:1      | Reached skill level 4 in Unarmed Combat
  1231 | D:1      | Reached XP level 3. HP: 9/28 MP: 4/6
  1710 | D:2      | Learned a level 2 spell: Sticks to Snakes
  1714 | D:2      | Learned a level 3 spell: Spider Form
  1903 | D:2      | Reached XP level 4. HP: 32/35 MP: 4/7
  1995 | D:2      | HP: 1/35 [gnoll/+0 halberd (6)]
  1997 | D:2      | Reached skill level 5 in Unarmed Combat
  2784 | D:3      | Noticed Terence
  2793 | D:3      | Killed Terence
  2906 | D:3      | Found a hazy altar of Hepliaklqana.
  2950 | D:3      | Reached XP level 5. HP: 40/40 MP: 8/8
  3087 | D:3      | Noticed Grinder
  3095 | D:3      | Paralysed by Grinder for 5 turns
  3102 | D:3      | Slain by Grinder

Illustrated notes

Levels and vault maps discovered:
D:1:      mainiacjoe_arrival_reflecting_pool, layout_basic
D:2:      kennysheep_six_static_rooms, layout_basic
D:3:      layout_basic, lemuel_doored_altar, first_ration, uniq_terence,
          uniq_natasha, uniq_grinder

Skill      XL: |  1  2  3  4 |
---------------+-------------+-----
Unarmed Combat | 4 5 |  5.8
Fighting       | |  1.1
Dodging        | |  1.7
Spellcasting   | |  2.0
Transmutations | |  2.0
Poison Magic   | |  0.1

Action                   |  1- 3 |  4- 6 || total
-------------------------+-------+-------++-------
Melee: Unarmed           |   108 |    91 ||   199
       Tailslap          |    11 |     6 ||    17
       Headbutt          |     2 |     1 ||     3
       Kick              |     2 |       ||     2
       Punch             |     1 |     3 ||     4
 Cast: Beastly Appendage |     7 |     3 ||    10
       Spider Form       |       |     2 ||     2
  Use: Potion            |       |     1 ||     1
  Eat: Chunk             |     3 |     5 ||     8
Armor: Skin              |    32 |    27 ||    59
Dodge: Dodged            |    79 |    70 ||   149
